[Event "WYCC 2018 O18"]
[Site "Halkidiki"]
[Date "2018.10.29"]
[Round "10"]
[White "Fawzy, Adham"]
[Black "Ozates, Tuna"]
[Result "1-0"]
[ECO "C55"]
[WhiteElo "2439"]
[BlackElo "2225"]
[Annotator "NA"]
[PlyCount "97"]
[EventDate "2018.10.20"]
[EventType "swiss"]
[EventCountry "GRE"]
[SourceTitle "playchess.com"]
[Source "ChessBase"]
[SourceQuality "1"]
[TimeControl "40/5400+30:1800+30"]

1. e4 e5 2. Nf3 Nc6 3. d4 exd4 4. Bc4 Nf6 5. e5 d5 6. Bb5 Ne4 7. Nxd4 Bd7 8. Bxc6 bxc6 9. O-O Bc5 10. f3 Ng5 11. Be3 Bb6 12. c3 {[%emt 0:10:55] C56: Two Knights: 4 d4 exd4 5 0-0 Nxe4} (12. f4 Ne6 13. c3 g6 14. Nd2 Qe7 15. Qf3 Rb8 16. b3 c5 17. Ne2 d4 18. Bf2 O-O 19. Ne4 Bc6 {1-0 (46) Perez Candelario,M (2590)-Eljanov,P (2703) Batumi 2018}) 12... c5 13. Ne2 $146 ({Predecessor:} 13. Nb3 c4 14. Nc5 Bc6 15. b4 cxb3 16. axb3 Ne6 17. b4 Bxc5 18. bxc5 O-O 19. f4 f5 {0-1 (42) Volovikov,A (2315)-Petrosyan,T (2255) Lvov 2011}) 13... Bc6 14. Nd2 d4 (14... O-O $15) 15. Bf2 Qd5 16. Nf4 Qd7 17. c4 O-O 18. a4 a5 19. Re1 Rae8 20. Nd5 (20. Bh4 $11 {remains equal.}) 20... Ne6 21. Qb3 Ba7 22. Ne4 Bxd5 23. cxd5 Nf4 24. d6 Rxe5 25. Bg3 Rf5 26. Qb7 Bb6 27. Bxf4 Rxf4 28. dxc7 Bxc7 29. Nxc5 Qd6 30. Nd3 Rf6 31. f4 h6 32. Rac1 Bd8 $11 33. Re5 Re6 34. Rd5 Qb6 35. Qxb6 Bxb6 36. Kf1 Re3 37. Ne5 Re8 38. Rc6 f6 39. Nf3 R3e6 40. Rxe6 Rxe6 41. Nd2 Rc6 42. Ke2 Rc1 43. Kd3 Ra1 44. Nc4 Bc7 45. g3 g5 46. Rd7 gxf4 47. Rxc7 f3 48. Nd2 Re1 49. Rc5 1-0

[Event "WYCC 2018 O18"]
[Site "Halkidiki"]
[Date "2018.10.29"]
[Round "10"]
[White "Bronstein, Or"]
[Black "Tsomaia, Nikoloz"]
[Result "0-1"]
[ECO "A30"]
[WhiteElo "2385"]
[BlackElo "2201"]
[Annotator "NA"]
[PlyCount "118"]
[EventDate "2018.10.20"]
[EventType "swiss"]
[EventCountry "GRE"]
[SourceTitle "playchess.com"]
[Source "ChessBase"]
[SourceQuality "1"]
[TimeControl "40/5400+30:1800+30"]

1. Nf3 Nf6 2. c4 c5 3. Nc3 e6 4. g3 b6 5. Bg2 Bb7 6. O-O Be7 7. d4 cxd4 8. Qxd4 d6 9. b3 O-O 10. Bb2 a6 11. Rfd1 Nbd7 12. e4 Qc8 13. Qe3 Re8 14. Rac1 Qc7 15. Nd4 Rac8 16. Re1 Qb8 17. h3 Bf8 {[%emt 0:00:16] LiveBook: 7 Games} 18. Rcd1 g6 19. Qd2 Red8 20. Qe2 Bg7 21. Nc2 Nc5 22. b4 Ncd7 23. Ne3 Qa8 24. a3 Bf8 25. Qd3 Ne5 26. Qd4 Bg7 27. f4 Ned7 28. Qd2 e5 29. Ncd5 Bxd5 30. cxd5 Nh5 31. Nf1 Bh6 32. Bf3 Nhf6 33. Qh2 b5 34. Ne3 Qa7 35. Kh1 Rc7 36. Ng4 Bg7 37. Ne3 h5 38. Rc1 Rxc1 39. Bxc1 Rc8 40. Bb2 Bh6 41. h4 Re8 42. Nc2 Nb6 43. fxe5 dxe5 44. Na1 Nc4 45. Nb3 Be3 46. Rd1 Qd7 47. Nc5 Qc8 48. Nd3 Nxe4 49. Re1 Qf5 50. Qg2 Ned2 51. Be2 e4 52. g4 Qd7 53. gxh5 exd3 54. hxg6 f6 55. Bg4 f5 56. Bc3 fxg4 57. h5 Ne4 58. h6 Nxc3 59. d6 Qxd6 0-1

[Event "WYCC 2018 O18"]
[Site "Halkidiki"]
[Date "2018.10.29"]
[Round "10"]
[White "Burovic, Rijad"]
[Black "Livaic, Leon"]
[Result "0-1"]
[ECO "A08"]
[WhiteElo "2380"]
[BlackElo "2481"]
[Annotator "ChessBase"]
[PlyCount "92"]
[EventDate "2018.10.20"]
[EventType "swiss"]
[EventCountry "GRE"]
[SourceTitle "playchess.com"]
[Source "ChessBase"]
[SourceQuality "1"]
[TimeControl "40/5400+30:1800+30"]

1. e4 e6 2. d3 d5 3. Nd2 Nf6 4. Ngf3 c5 5. g3 Nc6 6. Bg2 Be7 7. O-O O-O 8. Re1 Qc7 9. e5 Nd7 10. Qe2 b5 11. Nf1 Bb7 12. c3 a5 13. a4 Ba6 14. h4 Rfb8 15. axb5 Bxb5 16. Bf4 Rb6 17. Ne3 Qd8 18. c4 dxc4 19. dxc4 Ba6 20. Red1 Qc8 21. h5 Rab8 22. Ra2 Rb4 23. h6 g6 24. Bf1 Nb6 25. Qc2 a4 26. Ra3 Bb7 27. Bg2 Na5 28. Bg5 Bxf3 29. Bxe7 Bxd1 30. Qxd1 Qd7 31. Bd6 Naxc4 32. Rd3 Nxd6 33. Rxd6 Qe7 34. Ng4 Rxb2 35. Nf6+ Kh8 36. Rxb6 R2xb6 37. Qxa4 Rb4 38. Qc6 Rb1+ 39. Kh2 Qf8 40. Ng4 R1b4 41. f4 c4 42. Be4 Rc8 43. Qd6 Qxd6 44. exd6 f5 45. Ne5 fxe4 46. d7 Rbb8 0-1

[Event "WYCC 2018 O18"]
[Site "Halkidiki"]
[Date "2018.10.29"]
[Round "10"]
[White "Muha, Miljenko"]
[Black "Pedoson, Georg Aleksander"]
[Result "1-0"]
[ECO "D45"]
[WhiteElo "2365"]
[BlackElo "2162"]
[Annotator "NA"]
[PlyCount "105"]
[EventDate "2018.10.20"]
[EventType "swiss"]
[EventCountry "GRE"]
[SourceTitle "playchess.com"]
[Source "ChessBase"]
[SourceQuality "1"]
[TimeControl "40/5400+30:1800+30"]

1. Nf3 d5 2. d4 Nf6 3. c4 c6 4. e3 e6 5. Nc3 Bd6 6. Qc2 Nbd7 7. b3 dxc4 8. Bxc4 O-O 9. Bb2 {[%emt 0:02:35] LiveBook: 13 Games} b5 10. Be2 Bb7 11. O-O a6 12. a4 Rc8 13. Ng5 $11 Qc7 14. h3 c5 15. axb5 cxd4 16. bxa6 Bxg2 17. Kxg2 dxc3 18. Bc1 Ra8 19. Ne4 Nxe4 20. Qxe4 Qb6 21. Qd4 Qxd4 22. exd4 Rfb8 23. Ba3 Bxa3 24. Rxa3 Nf6 25. Bc4 g6 26. Kf3 Nd5 27. Rc1 Rb6 28. Ke2 Nb4 29. Rxc3 Nxa6 30. b4 Rc8 31. Bxa6 Rxc3 32. Rxc3 Rxa6 33. Rb3 Kf8 34. b5 Rb6 35. Kd3 Ke7 36. Kc4 Kd6 37. Kb4 f5 38. Rc3 Kd5 39. Rc5+ Kxd4 40. Rc6 Rb8 41. Rxe6 g5 42. b6 h5 43. Kb5 g4 44. Rh6 f4 45. Rxh5 g3 46. fxg3 f3 47. Rf5 Ke3 48. g4 f2 49. g5 Rc8 50. g6 Rc1 51. g7 Rb1+ 52. Kc6 Rc1+ 53. Kd6 1-0

[Event "WYCC 2018 O18"]
[Site "Halkidiki"]
[Date "2018.10.29"]
[Round "10"]
[White "Stijve, Theo"]
[Black "Lindbol, Aleksander"]
[Result "1-0"]
[ECO "B20"]
[WhiteElo "2345"]
[BlackElo "2166"]
[Annotator "NA"]
[PlyCount "79"]
[EventDate "2018.10.20"]
[EventType "swiss"]
[EventCountry "GRE"]
[SourceTitle "playchess.com"]
[Source "ChessBase"]
[SourceQuality "1"]
[TimeControl "40/5400+30:1800+30"]

1. e4 c5 2. d3 Nc6 3. g3 Nf6 4. Bg2 d5 5. Nd2 e6 6. f4 Be7 {[%emt 0:01:50] LiveBook: 12 Games} 7. Ngf3 b5 8. O-O O-O 9. c3 Bb7 10. e5 Nd7 11. d4 Qb6 12. Nb1 a5 13. Be3 $15 a4 14. Bf2 Rfc8 15. Na3 b4 16. cxb4 Nxb4 17. f5 exf5 18. Bh3 Qg6 19. Qb1 Qh5 20. Qxf5 Qxf5 21. Bxf5 Rd8 22. e6 fxe6 23. Bxe6+ Kh8 24. Bxd7 Rxd7 25. Ne5 Rc7 26. Nb5 Rcc8 27. Nd6 Rc7 28. Nb5 Rcc8 29. Nd6 Rc7 30. Nxb7 Rxb7 31. dxc5 Bf6 32. Rae1 Kg8 33. a3 Nc2 34. Re2 Rxb2 35. Nd7 Bc3 36. Nb6 Ra6 37. Nxd5 Nd4 38. Re8+ Kf7 39. Re7+ Kg6 40. Nxc3 1-0

[Event "WYCC 2018 O18"]
[Site "Halkidiki"]
[Date "2018.10.29"]
[Round "10"]
[White "Varacalli, Francisco"]
[Black "Giesinger, Elias"]
[Result "1/2-1/2"]
[ECO "B49"]
[WhiteElo "2334"]
[BlackElo "2131"]
[Annotator "NA"]
[PlyCount "119"]
[EventDate "2018.10.20"]
[EventType "swiss"]
[EventCountry "GRE"]
[SourceTitle "playchess.com"]
[Source "ChessBase"]
[SourceQuality "1"]
[TimeControl "40/5400+30:1800+30"]

1. e4 c5 2. Nf3 Nc6 3. d4 cxd4 4. Nxd4 e6 5. Nc3 Qc7 6. Be3 a6 7. Be2 Nf6 8. O-O Be7 9. f4 d6 10. Kh1 O-O 11. Qe1 Nxd4 12. Bxd4 b5 13. a3 Bb7 14. Qg3 Rad8 15. Bd3 {[%emt 0:09:20] LiveBook: 93 Games B85: Sicilian Scheveningen: 6 Be2 a6, lines with early Be3} (15. Rae1 Qd7 16. Bd3 Nh5 17. Qg4 Nf6 18. Qg3 Nh5 19. Qg4 Nf6 20. Qg3 Nh5 21. Qg4 Nf6 22. Qg3 {½-½ (24) Andreikin,D (2712)-Grischuk,A (2772) Huaian 2017}) 15... Bc6 16. Rae1 Qd7 17. Re3 e5 18. fxe5 Nh5 $146 ({Predecessor:} 18... dxe5 19. Bxe5 Nh5 20. Qe1 f6 21. Rh3 g6 22. Rxh5 gxh5 23. Rf5 fxe5 24. Qg3+ Kh8 25. Qxe5+ Kg8 26. Qg3+ Kh8 {½-½ (26) Campian,C (2417)-Wagner,R (2454) ICCF email 2016}) 19. Qf3 dxe5 20. Bxe5 (20. Bb6 $1 $14 Rb8 21. Qxh5 Rxb6 22. Rh3 (22. Qxe5 f6 $14)) 20... f6 $14 21. Qxh5 fxe5 22. Ref3 Qe6 23. Nd5 Bd6 24. Rxf8+ Rxf8 25. Rxf8+ Bxf8 26. Ne3 Bc5 27. Qf5 Qxf5 28. Nxf5 Kf7 29. Ng3 a5 30. Ne2 b4 31. axb4 axb4 32. g3 Bd7 33. Kg2 Bg4 34. Nc1 Bd4 35. Bc4+ Kf6 36. Na2 Bxb2 37. Nxb4 Bd4 38. Nd5+ Kg6 39. Ne7+ Kf6 40. Nd5+ Kg6 41. c3 Bc5 42. Nb4 Kf6 43. Bg8 h6 44. Nd3 Ba7 45. c4 Bd4 46. Nb4 g5 47. Bd5 h5 48. Nd3 Be2 49. Nc1 Bd1 50. h3 h4 51. Nd3 Be2 52. Ne1 Ke7 53. gxh4 gxh4 54. Nc2 Bc5 55. Ne1 Bd4 56. Nf3 Bxf3+ 57. Kxf3 Kd6 58. Kg4 Bf2 59. Kf5 Bg3 60. Kg4 1/2-1/2

[Event "WYCC 2018 O18"]
[Site "Halkidiki"]
[Date "2018.10.29"]
[Round "10"]
[White "Banzea, Alexandru-Bogdan"]
[Black "Ayats Llobera, Gerard"]
[Result "1/2-1/2"]
[ECO "B51"]
[WhiteElo "2313"]
[BlackElo "2399"]
[Annotator "NA"]
[PlyCount "38"]
[EventDate "2018.10.20"]
[EventType "swiss"]
[EventCountry "GRE"]
[SourceTitle "playchess.com"]
[Source "ChessBase"]
[SourceQuality "1"]
[TimeControl "40/5400+30:1800+30"]

1. e4 c5 2. Nf3 d6 3. Bb5+ Nc6 4. O-O Bd7 5. Re1 Nf6 6. c3 a6 7. Bf1 Bg4 8. h3 Bxf3 9. Qxf3 e6 10. Qd1 d5 11. e5 Nd7 12. f4 c4 13. d4 cxd3 $1 14. Bxd3 Nc5 (14... g5 $5) 15. Be3 Nxd3 16. Qxd3 Be7 17. Nd2 Rc8 18. Nf3 O-O $11 19. f5 Qd7 1/2-1/2

[Event "WYCC 2018 O18"]
[Site "Halkidiki"]
[Date "2018.10.29"]
[Round "10"]
[White "Risting, Eivind Olav"]
[Black "Ioannidis, Evgenios"]
[Result "1-0"]
[ECO "E00"]
[WhiteElo "2299"]
[BlackElo "2407"]
[Annotator "NA"]
[PlyCount "89"]
[EventDate "2018.10.20"]
[EventType "swiss"]
[EventCountry "GRE"]
[SourceTitle "playchess.com"]
[Source "ChessBase"]
[SourceQuality "1"]
[TimeControl "40/5400+30:1800+30"]

1. d4 e6 2. c4 Bb4+ 3. Bd2 a5 4. Nf3 Nf6 5. g3 O-O 6. Bg2 b6 7. O-O Bb7 8. Bf4 Be7 9. Nc3 Ne4 10. Qc2 Nxc3 11. Qxc3 d6 {[%emt 0:00:18] E16: Queen's Indian: 4 g3 Bb7 5 Bg2 Bb4+} (11... Be4 12. Rfd1 f5 13. d5 Bf6 14. Be5 Qe8 15. Bxf6 Rxf6 16. Bf1 Na6 17. Ne1 f4 18. Nf3 Bxf3 19. exf3 {0-1 (33) Almasi,Z (2682)-Fedorchuk,S (2648) Riadh 2017}) 12. Rfd1 Nd7 {[%emt 0:00:42] LiveBook: 5 Games} 13. Qc2 f5 $146 ({Predecessor:} 13... Nf6 14. Ne1 Bxg2 15. Nxg2 c6 16. e4 d5 17. e5 Nd7 18. Rac1 b5 19. cxb5 cxb5 {½-½ (42) Nechaeva,M (2419)-Bojkovic,N (2384) Valjevo 2018}) 14. b3 Be4 15. Qc1 Qe8 16. Bg5 Bf6 17. Ne1 Qh5 18. Bxf6 Rxf6 19. Qe3 Raf8 20. Nf3 Kh8 21. Rac1 Rg8 $11 22. h4 h6 23. a3 Ba8 24. d5 Re8 25. Qc3 e5 26. b4 a4 27. Qc2 g5 28. Qxa4 Rf7 29. hxg5 hxg5 30. c5 e4 31. Nd4 Bxd5 32. cxd6 cxd6 33. Nxf5 Be6 34. Nxd6 Rh7 35. Nxe8 Qh2+ 36. Kf1 Bh3 37. Ke1 e3 38. fxe3 Qxg3+ 39. Kd2 Bxg2 40. b5 Re7 41. Qd4+ Kh7 42. Rh1+ Bxh1 43. Rxh1+ Kg6 44. Qd3+ Kf7 45. Qf5+ 1-0

[Event "WYCC 2018 O18"]
[Site "Halkidiki"]
[Date "2018.10.29"]
[Round "10"]
[White "Kouskoutis, Georgios-Alexandros"]
[Black "Torres Cueto, Jesus Marcial"]
[Result "1-0"]
[ECO "A20"]
[WhiteElo "2296"]
[BlackElo "2078"]
[Annotator "NA"]
[PlyCount "155"]
[EventDate "2018.10.20"]
[EventType "swiss"]
[EventCountry "GRE"]
[SourceTitle "playchess.com"]
[Source "ChessBase"]
[SourceQuality "1"]
[TimeControl "40/5400+30:1800+30"]

1. c4 e5 2. g3 Nf6 3. Bg2 d5 4. cxd5 Nxd5 5. Nc3 Nb6 6. Nf3 Nc6 7. O-O Be7 8. d3 O-O 9. a3 Re8 10. b4 Bf8 11. Bb2 a5 12. b5 Nd4 13. Nd2 a4 14. e3 {[%emt 0:20:37] A29: Englische Eröffnung (Vierspringer-Variante)} (14. Nc4 Nxc4 15. dxc4 Nb3 16. Qxd8 Rxd8 17. Rad1 Rd2 18. Rb1 Bf5 19. Bxb7 Ra7 20. Be4 Bxe4 21. Nxe4 Rxe2 {½-½ (35) Movsesian,S (2705)-Navara,D (2702) Prague 2011}) 14... Ne6 15. Nc4 {[%emt 0:03:58] LiveBook: 11 Games} Nc5 16. Nxe5 Nb3 {[%emt 0:01:37] [#]} 17. Nxa4 $1 ({Don't go for} 17. Qh5 $2 g6 $19) 17... Nxa1 18. Nxb6 cxb6 19. Qxa1 f6 20. Nc4 Qxd3 $146 ({Vorgänger:} 20... Bc5 21. d4 Bb4 {1-0 (37) Wrba,K-Schnabel,M ICCF corr 1991}) 21. Rd1 Qf5 22. Nxb6 $16 Rb8 23. a4 Be6 24. Bd4 Red8 25. Rc1 h5 26. Qb2 h4 27. a5 h3 28. Bh1 Qd3 29. Qb1 Qe2 30. Re1 Qd2 31. Qa1 Bb4 32. Rd1 Qe2 33. Rb1 Qxb5 34. Qb2 Rdc8 35. Nxc8 Rxc8 36. Bc3 Qf5 37. e4 Bxc3 38. exf5 Bxb2 39. fxe6 Rc5 40. Bxb7 Rxa5 41. Bg2 Ra1 42. Rxa1 Bxa1 43. Bxh3 g6 44. Bf1 Kf8 45. Bd3 Ke7 46. Bxg6 Kxe6 47. Kg2 Ke7 48. f4 Kf8 49. Kf3 Kg7 50. Bd3 Bb2 51. Ke4 Bc3 52. Kf3 Bb2 53. h4 Bc3 54. Ke2 Bb2 55. g4 Bc1 56. Kf3 Bd2 57. g5 fxg5 58. hxg5 Bc1 59. Kg4 Bd2 60. f5 Bc3 61. Be2 Bb2 62. Kh4 Bc3 63. Bh5 Bb2 64. Kg4 Bc3 65. Kf3 Bb2 66. Ke4 Bc3 67. Kd5 Bd2 68. f6+ Kg8 69. g6 Bh6 70. Ke6 Bf8 71. Be2 Bh6 72. Bc4 Bf8 73. Kd7+ Kh8 74. Ke8 Bg7 75. fxg7+ Kxg7 76. Bd3 Kh8 77. Ke7 Kg7 78. Ke6 1-0

[Event "WYCC 2018 O18"]
[Site "Halkidiki"]
[Date "2018.10.29"]
[Round "10"]
[White "Kandil, Adham"]
[Black "Miciano, John Marvin"]
[Result "1/2-1/2"]
[ECO "B13"]
[WhiteElo "2292"]
[BlackElo "2361"]
[Annotator "NA"]
[PlyCount "103"]
[EventDate "2018.10.20"]
[EventType "swiss"]
[EventCountry "GRE"]
[SourceTitle "playchess.com"]
[Source "ChessBase"]
[SourceQuality "1"]
[TimeControl "40/5400+30:1800+30"]

1. e4 c6 2. d4 d5 3. exd5 cxd5 4. c4 Nf6 5. Nc3 Nc6 6. Bg5 Ne4 7. Nxe4 {[%emt 0:02:55] B13: Caro-Kann: Exchange Variation and Panov-Botvinnik Attack} dxe4 8. d5 Ne5 9. Qd4 f6 10. Bf4 Ng4 11. Bd2 e5 12. Qxe4 Qb6 13. Nh3 Bc5 14. O-O-O {[%emt 0:06:28] [#]} O-O $146 ({Predecessor:} 14... Bxf2) 15. Be2 Nxf2 16. Nxf2 Bxf2 17. Bc3 Bd7 18. Bd3 g6 19. Kb1 Rae8 20. Qe2 Bd4 21. Bxd4 exd4 22. Qc2 Kg7 (22... Qc5 $11) 23. c5 Qa5 24. Qc4 Bg4 25. Rc1 Re3 {[%emt 0:02:08] [#]} 26. Qxd4 $2 (26. h3 $1 $16 Bd7 27. Rhd1 (27. Qxd4 $2 Rxd3 28. Qxd3 Bf5 $19)) 26... Rxd3 27. Qxg4 (27. Qxd3 $2 {is the wrong capture.} Bf5 $19) 27... Rxd5 28. Qc4 Re5 29. Rhd1 Rf7 30. Rd6 Qc7 31. Qd4 Qe7 32. a3 Re4 33. Qd5 Qe5 34. g3 h5 35. Rc2 Qxd5 36. Rxd5 h4 37. Rd3 f5 38. b4 h3 39. b5 Kh6 40. Kc1 $11 Kh5 41. c6 bxc6 42. bxc6 Ree7 43. Rd8 g5 44. Rc8 Kg4 45. Rc3 Re1+ 46. Kd2 Rh1 47. Rc4+ Kf3 48. Rc3+ Kg4 49. Rc4+ Kf3 50. Rc3+ Kg4 51. Rc4+ Kf3 52. Rc3+ 1/2-1/2

[Event "WYCC 2018 O18"]
[Site "Halkidiki"]
[Date "2018.10.29"]
[Round "10"]
[White "Le, Minh Hoang"]
[Black "Rovira Vila, Jaume"]
[Result "1-0"]
[ECO "A04"]
[WhiteElo "2271"]
[BlackElo "2156"]
[Annotator "NA"]
[PlyCount "33"]
[EventDate "2018.10.20"]
[EventType "swiss"]
[EventCountry "GRE"]
[SourceTitle "playchess.com"]
[Source "ChessBase"]
[SourceQuality "1"]
[TimeControl "40/5400+30:1800+30"]

1. Nf3 c5 2. c4 Nc6 3. Nc3 g6 4. e3 Nf6 5. d4 cxd4 6. exd4 d5 7. Bg5 {[%emt 0:13:03] LiveBook: 153 Games} Ne4 8. cxd5 Nxc3 9. bxc3 Qxd5 10. Qb3 Qe4+ {[%emt 0:10:32] A35: Symmetrical English: 2 Nc3 Nc6 3 Nf3} (10... Qxb3 11. axb3 Bg7 12. Bb5 Bd7 13. O-O e6 14. Nd2 f6 15. Bf4 Ne7 16. Bxd7+ Kxd7 17. Ne4 b6 18. Ra6 f5 19. Ng5 Nd5 20. Bd2 {1-0 (43) Slipak,S (2436)-Alonso,S (2501) Buenos Aires 2015}) 11. Be3 Bg7 12. Qxf7+ Kxf7 13. Ng5+ Ke8 14. Nxe4 e5 $146 (14... Bf5 $16) ({Predecessor:} 14... Bd7 15. h4 b6 16. h5 {1-0 (16) Contin,D (2321)-Celestino,G (2141) Mar del Plata 2009}) 15. d5 Ne7 16. Bb5+ Kf8 17. Bc5 $18 {[%emt 0:03:25] Ke8} 1-0

[Event "WYCC 2018 O18"]
[Site "Halkidiki"]
[Date "2018.10.29"]
[Round "10"]
[White "Beukema, Jasper"]
[Black "Ranaldi, Lucas"]
[Result "1-0"]
[ECO "E19"]
[WhiteElo "2256"]
[BlackElo "2335"]
[Annotator "NA"]
[PlyCount "117"]
[EventDate "2018.10.20"]
[EventType "swiss"]
[EventCountry "GRE"]
[SourceTitle "playchess.com"]
[Source "ChessBase"]
[SourceQuality "1"]
[TimeControl "40/5400+30:1800+30"]

1. d4 Nf6 2. c4 e6 3. Nf3 b6 4. g3 Bb7 5. Bg2 Be7 6. O-O O-O 7. Nc3 Ne4 8. Qc2 Nxc3 9. Qxc3 f5 10. b4 Bf6 {[%emt 0:21:33] E19: Queen's Indian: Old Main Line with 7...Ne4 8 Qc2 Nxc3 8 Qxc3} (10... a5 11. b5 Bf6 12. Qe3 Qe7 13. Ba3 d6 14. Rac1 Nd7 15. c5 bxc5 16. dxc5 Bd5 17. cxd6 cxd6 18. Rc7 {1-0 (69) Ivanov,M (2489)-Olivier,J (2358) Chambery 2008}) 11. c5 Bd5 $146 ({Predecessor:} 11... Qc8 12. Bf4 Nc6 13. cxb6 cxb6 14. Qd2 Nxd4 15. Rac1 Qe8 16. Nxd4 Bxg2 17. Kxg2 e5 18. Nxf5 exf4 {1-0 (34) Heinlein,R (2171)-Dallmann,V Baunatal 2000}) 12. Bf4 bxc5 13. Qxc5 d6 14. Qc3 a5 15. b5 c5 16. Rac1 Kh8 17. Qa3 g5 18. Bxd6 Qxd6 19. dxc5 Qe7 20. Qe3 f4 21. Qd2 Nd7 22. c6 Nb6 23. Rfd1 e5 24. Qc2 e4 25. Nd4 e3 26. f3 fxg3 27. Nf5 gxh2+ 28. Kh1 Qe5 29. Qc5 Qxf5 30. Qxb6 g4 31. Qc5 gxf3 32. exf3 Be6 33. Qxe3 Rg8 34. Qe4 Qg5 35. f4 Qg4 36. f5 Bxf5 37. Qxg4 Rxg4 38. c7 Rag8 39. Bd5 Bd4 40. Bxg8 Be4+ 41. Kxh2 Be5+ 42. Kh3 Rxg8 43. Rg1 Bf5+ 44. Kh4 Rxg1 45. Rxg1 Bxc7 46. Kg5 Bd3 47. a4 Kg7 48. Rc1 h6+ 49. Kg4 Be2+ 50. Kf5 Bd3+ 51. Ke6 Bf4 52. Rc3 Be2 53. Kf5 Bh2 54. b6 h5 55. b7 Bg4+ 56. Kg5 Bd1 57. Rc5 Bxa4 {[%emt 0:00:48] [#]} 58. Rc4 Bd1 59. Rf4 1-0

[Event "WYCC 2018 O18"]
[Site "Halkidiki"]
[Date "2018.10.29"]
[Round "10"]
[White "Liska, Jiri"]
[Black "Martinez Fernandez, Adrian"]
[Result "1-0"]
[ECO "D23"]
[WhiteElo "2245"]
[BlackElo "2277"]
[Annotator "NA"]
[PlyCount "139"]
[EventDate "2018.10.20"]
[EventType "swiss"]
[EventCountry "GRE"]
[SourceTitle "playchess.com"]
[Source "ChessBase"]
[SourceQuality "1"]
[TimeControl "40/5400+30:1800+30"]

1. d4 d5 2. Nf3 Nf6 3. c4 dxc4 4. Qa4+ Nc6 5. e3 Nd7 6. Bxc4 Nb6 7. Qb3 Nxc4 8. Qxc4 e6 9. O-O Bd6 10. e4 h6 11. d5 exd5 12. exd5 Ne7 13. Nc3 O-O 14. b3 a6 15. Bb2 $15 b5 16. Qd4 Nf5 17. Qd2 Bb7 18. Rad1 Re8 19. h3 b4 20. Ne2 Bxd5 21. Qxd5 Rxe2 22. Ne5 Qf8 23. Nxf7 Qxf7 24. Qxa8+ Kh7 25. Qf3 Rxb2 26. g4 Rxa2 27. Rd5 Rb2 28. Rfd1 Qe6 29. gxf5 Qf6 30. R1d3 Rc2 31. Qg4 Bc5 32. Qg6+ Qxg6+ 33. fxg6+ Kxg6 34. Rd2 Rc3 35. Kg2 Bd6 36. R2d3 Kf6 37. Rf3+ Ke6 38. Ra5 Rc6 39. Rd3 Rb6 40. Kf3 Kd7 41. Ke4 Kc6 42. f4 Kb7 43. h4 Be7 44. Rd7 Bf6 45. Rc5 Rc6 46. Kd5 Rd6+ 47. Rxd6 cxd6 48. Kxd6 Kb6 49. Rc6+ Kb5 50. h5 a5 51. Rc8 Bd4 52. Kd5 Be3 53. f5 Bg5 54. Rb8+ Ka6 55. Kc6 Be3 56. Kd5 Bd2 57. Kc4 Bf4 58. Re8 Bg5 59. Re6+ Kb7 60. Kb5 Bd8 61. Rg6 Bf6 62. Rxf6 gxf6 63. Kxa5 Kc6 64. Kxb4 Kd5 65. Ka5 Ke5 66. b4 Kxf5 67. b5 Ke6 68. b6 Kd7 69. Ka6 Kc8 70. Ka7 1-0

[Event "WYCC 2018 O18"]
[Site "Halkidiki"]
[Date "2018.10.29"]
[Round "10"]
[White "Bratkovic, Jakob"]
[Black "Brewer, Callum D"]
[Result "0-1"]
[ECO "B30"]
[WhiteElo "2242"]
[BlackElo "2056"]
[Annotator "NA"]
[PlyCount "56"]
[EventDate "2018.10.20"]
[EventType "swiss"]
[EventCountry "GRE"]
[SourceTitle "playchess.com"]
[Source "ChessBase"]
[SourceQuality "1"]
[TimeControl "40/5400+30:1800+30"]

1. e4 c5 2. Nf3 Nc6 3. c3 Nf6 4. e5 Nd5 5. d4 cxd4 6. cxd4 d6 7. Bc4 Nb6 8. Bd3 Bg4 {[%emt 0:16:05] LiveBook: 5 Games} 9. Be3 dxe5 10. dxe5 Bxf3 11. gxf3 Nxe5 12. Bb5+ Nc6 13. Nc3 e6 14. Qb3 Be7 $17 15. Rd1 Qc7 16. Be2 Bb4 17. O-O Bxc3 18. bxc3 O-O 19. Rb1 Nd5 20. Qxb7 Qxb7 21. Rxb7 Nxc3 22. Bb5 Nd8 23. Rc1 Nxa2 24. Rxa7 Rxa7 25. Ra1 Rb7 26. Ba6 Rb2 27. Bc4 Nc3 28. Bc5 Rb1+ 0-1

[Event "WYCC 2018 O18"]
[Site "Halkidiki"]
[Date "2018.10.29"]
[Round "10"]
[White "Dallemagne, Maximilien"]
[Black "Galiana Fernandez, Adrian"]
[Result "0-1"]
[ECO "A48"]
[WhiteElo "2094"]
[BlackElo "2261"]
[Annotator "NA"]
[PlyCount "72"]
[EventDate "2018.10.20"]
[EventType "swiss"]
[EventCountry "GRE"]
[SourceTitle "playchess.com"]
[Source "ChessBase"]
[SourceQuality "1"]
[TimeControl "40/5400+30:1800+30"]

1. d4 Nf6 2. Nf3 g6 3. Bg5 Bg7 4. Nbd2 O-O 5. e3 d6 6. Bd3 Qe8 7. h3 e5 8. c3 h6 9. Bxf6 Bxf6 10. Qc2 exd4 11. Nxd4 d5 12. N4b3 Nd7 13. O-O $11 Ne5 14. Be2 Bg7 15. e4 dxe4 16. Nxe4 Qe7 17. Rfe1 Qh4 18. Ng3 Bd7 19. Nd4 Rad8 20. Nf3 Nxf3+ 21. Bxf3 Bc8 22. Re2 Rfe8 23. Rae1 Rxe2 24. Rxe2 h5 25. Qb3 c6 26. Qa3 a6 27. Qa5 Rd1+ 28. Kh2 Qd8 29. Qc5 h4 30. Ne4 Rd5 31. Qe3 Be5+ 32. Kg1 Rd3 33. Rd2 Rxd2 34. Nxd2 Bc7 35. Qh6 Bf5 36. Nc4 Qd3 0-1

[Event "WYCC 2018 O18"]
[Site "Halkidiki"]
[Date "2018.10.29"]
[Round "10"]
[White "Olimjonov, Sarvarbek"]
[Black "Szabo, Marton Mihaly"]
[Result "0-1"]
[ECO "B28"]
[WhiteElo "2074"]
[BlackElo "2307"]
[Annotator "NA"]
[PlyCount "108"]
[EventDate "2018.10.20"]
[EventType "swiss"]
[EventCountry "GRE"]
[SourceTitle "playchess.com"]
[Source "ChessBase"]
[SourceQuality "1"]
[TimeControl "40/5400+30:1800+30"]

1. e4 c5 2. Nf3 a6 3. d4 cxd4 4. Nxd4 Nf6 5. Bd3 e5 6. Nb3 Be7 7. O-O O-O 8. c4 d6 9. Nc3 {[%emt 0:01:15] B28: Sicilian: 2 Nf3 a6 (O'Kelly Variation)} Be6 10. Qe2 Nc6 (10... b5 11. Nd5 bxc4 12. Nxe7+ Qxe7 13. Bxc4 Bxc4 14. Qxc4 Qb7 15. Re1 Rc8 16. Qe2 h6 {0-1 (47) Richterova,N (2146)-Biriukov,N (2398) Pardubice 2018}) 11. Nd5 Rc8 $146 ({Predecessor:} 11... Nd7 12. f4 Bxd5 13. cxd5 Nb4 {½-½ (42) Toth,T (1992)-Adorjan,B Hungary 2004}) 12. Be3 Nd7 13. Rac1 Bg5 14. f4 exf4 15. Nxf4 Bxf4 16. Rxf4 Nde5 17. Nd4 Nxd3 18. Qxd3 Ne5 19. Qb3 Bxc4 ({Don't play} 19... Rxc4 $6 20. Nxe6 Rxc1+ 21. Bxc1 $11) 20. Qa3 Be6 21. Nxe6 Rxc1+ 22. Bxc1 fxe6 23. Qb3 Qd7 24. Rxf8+ Kxf8 25. Bf4 Nf7 26. a4 d5 27. exd5 exd5 28. Be3 Kg8 29. Bd4 Nd8 30. Kf2 Qf5+ 31. Qf3 Qxf3+ 32. Kxf3 Ne6 33. Ke3 Kf7 34. Bb6 Ke7 35. b4 Kd6 36. Ba7 Kc7 37. g3 b6 38. a5 bxa5 39. bxa5 Kc6 40. Bb6 $19 Kb5 41. Kd3 Kb4 42. h4 h5 43. Kc2 Kc4 44. Kd2 d4 45. Kc2 Nc5 46. Bc7 d3+ 47. Kd1 Ne4 48. Be5 g6 49. Kc1 Kd5 50. Bf4 Ke6 51. Kd1 Kf5 52. Ke1 Kg4 53. Be5 Kf3 54. Bc7 d2+ 0-1

[Event "WYCC 2018 O18"]
[Site "Halkidiki"]
[Date "2018.10.29"]
[Round "10"]
[White "Gonzalez Carrillo, Javier Omar"]
[Black "Petersson, Baldur Teodor"]
[Result "1-0"]
[ECO "B40"]
[WhiteElo "2031"]
[BlackElo "2195"]
[Annotator "NA"]
[PlyCount "43"]
[EventDate "2018.10.20"]
[EventType "swiss"]
[EventCountry "GRE"]
[SourceTitle "playchess.com"]
[Source "ChessBase"]
[SourceQuality "1"]
[TimeControl "40/5400+30:1800+30"]

1. e4 c5 2. Nf3 e6 3. b3 b6 4. Bb2 Bb7 5. Qe2 Nf6 6. e5 Nd5 7. g3 Nc6 8. Bg2 {[%emt 0:00:08] LiveBook: 6 Games} Ndb4 9. Na3 Nd4 10. Bxd4 cxd4 11. O-O Ba6 12. Nc4 Nxc2 13. Rac1 Nb4 14. Nxd4 $14 Nxa2 15. Ra1 Nb4 16. Bxa8 Qxa8 17. Rfc1 Qb7 18. Nc2 Nc6 19. Rxa6 b5 20. Rxc6 Qxc6 21. N4e3 a5 22. Ra1 1-0